 Dungeon Crawl Stone Soup version 0.20-a0-738-gb057e68 (webtiles) character file.

118 Vi the Chopper (level 4, -5/61 HPs)
             Began as a Minotaur Berserker on Feb 23, 2017.
             Was a Believer of Trog.
             Slain by a gnoll
             ... wielding a +0 spear
              (6 damage)
             ... on level 2 of the Dungeon.
             The game lasted 00:02:50 (1344 turns).

Vi the Chopper (Minotaur Berserker)                 Turns: 1344, Time: 00:02:51

Health: -5/61      AC:  4    Str: 27    XL:     4   Next: 72%
Magic:  3/3        EV: 12    Int:  4    God:    Trog [**....]
Gold:   81         SH:  0    Dex: 10    Spells: 3/3 levels left

rFire    . . .     SeeInvis .   a - +0 hand axe
rCold    . . .     Gourm    .   b - +0 animal skin
rNeg     . . .     Faith    .   (no shield)
rPois    .         Spirit   .   (helmet restricted)
rElec    .         Reflect  .   h - +0 cloak
rCorr    .         Harm     .   (no gloves)
MR       .....                  i - +0 pair of boots
Stlth    ..........             (no amulet)
Regen    0.2/turn               (no ring)
MPRegen  0.1/turn               (no ring)

@: berserking, very quick
A: retaliatory headbutt, horns 2
a: Berserk, Trog's Hand, Burn Spellbooks, Renounce Religion


You were on level 2 of the Dungeon.
You worshipped Trog.
Trog was pleased with you.
You were hungry.

You visited 1 branch of the dungeon, and saw 2 of its levels.

You collected 81 gold pieces.

Inventory:

Hand Weapons
 a - a +0 hand axe (weapon)
Armour
 b - a +0 animal skin (worn)
 h - a +0 cloak (worn)
   (You found it on level 1 of the Dungeon)
 i - a +0 pair of boots (worn)
   (You found it on level 1 of the Dungeon)
Scrolls
 d - 3 scrolls of teleportation {unknown}
 e - 6 scrolls of identify {unknown}
 f - a scroll of recharging {unknown}
 l - a scroll of enchant armour {unknown}
 o - a scroll of magic mapping {unknown}
Potions
 g - a potion of degeneration {unknown}
 j - a potion of brilliance {unknown}
 k - a potion of berserk rage {unknown}
 m - a potion of agility {unknown}
Comestibles
 c - 2 bread rations {@e1}
 n - a chunk of flesh {@w0}


   Skills:
 + Level 4.9 Fighting
 * Level 5.7 Axes
 - Level 2.4 Armour
 - Level 2.1 Dodging


You had 3 spell levels left.
You didn't know any spells.

Dungeon Overview and Level Annotations

Branches:
Dungeon (2/15)

Altars:


Innate Abilities, Weirdness & Mutations

You reflexively headbutt those who attack you in melee.
You have a pair of horns on your head.


Message History

You kill the jackal!
Trog accepts your kill.
The jackal bites you but does no damage.
You slash the jackal!
You kill the jackal!
Trog accepts your kill.
No target in view!
No target in view!
No target in view!
No target in view!
No target in view!
No target in view!
No target in view!
No target in view!
No target in view!
No target in view!
No target in view!
No target in view!
No target in view!
No target in view!
No target in view!
No target in view!
No target in view!
No target in view!
No target in view!
No target in view!
No target in view!
No target in view!
No target in view!
A gnoll and a kobold come into view.
The gnoll shouts!
You hear a shout! x3
A gnoll comes into view. It is wielding a halberd.
A gnoll comes into view. It is wielding a spear.
The gnoll shouts!
The kobold shouts!
The gnoll closely misses you. You furiously retaliate!
You headbutt the gnoll! You hit the gnoll.
You kill the gnoll!
Trog accepts your kill. The gnoll barely misses you.
The gnoll hits you but does no damage.
A gnoll comes into view. It is wielding a club.
You barely miss the kobold.
You headbutt the kobold, but do no damage.
The gnoll hits you from afar with a halberd!
The kobold hits you with a dagger.
The gnoll hits you from afar with a spear.
You hit the kobold.
The gnoll hits you from afar with a spear!
The kobold hits you but does no damage.
You are too injured to fight recklessly!
You are too injured to fight recklessly!
You are too injured to fight recklessly!
You are too injured to fight recklessly!
You are too injured to fight recklessly!
You are too injured to fight recklessly!
You are too injured to fight recklessly!
You are too injured to fight recklessly!
You are too injured to fight recklessly!
You are too injured to fight recklessly!
You are too injured to fight recklessly!
You are too injured to fight recklessly!
You are too injured to fight recklessly!
You are too injured to fight recklessly!
You are too injured to fight recklessly!
You are too injured to fight recklessly!
You are too injured to fight recklessly!
You are too injured to fight recklessly!
You are too injured to fight recklessly!
You are too injured to fight recklessly!
You are too injured to fight recklessly!
You are too injured to fight recklessly!
You are too injured to fight recklessly!
You are too injured to fight recklessly!
You are too injured to fight recklessly!
Unknown command.
You hit the kobold but do no damage. You headbutt the kobold.
You kill the kobold!
Trog accepts your kill. The gnoll closely misses you. x2
You barely miss the gnoll. The gnoll closely misses you.
The gnoll hits you but does no damage.
The gnoll hits you from afar with a spear.
A red film seems to cover your vision as you go berserk!
You feel yourself moving faster!
You feel mighty!
You are feeling hungry.
The gnoll misses you. The gnoll barely misses you.
The gnoll hits you from afar with a spear.
* * * LOW HITPOINT WARNING * * *
You barely miss the gnoll.
The gnoll hits you from afar with a halberd!
* * * LOW HITPOINT WARNING * * *
The gnoll closely misses you.
You slash the gnoll! Your headbutt misses the gnoll. The gnoll misses you.
You barely miss the gnoll. The gnoll closely misses you. x2
The gnoll hits you with a club.
* * * LOW HITPOINT WARNING * * *
You slash the gnoll!
You kill the gnoll!
Trog accepts your kill. The gnoll hits you with a spear.
You die...

### #.#
#.#
#####.#
#.....#
####
#.#####
...##
#.# ...
#.#
#.#g##.#
####
#..g@..#
...#
###.####
##.# ...
##.#
####
##.#
##.#
...#
####
######


You could see 2 gnolls.

Vanquished Creatures
  Terence (D:2)
  2 gnolls (D:2)
  2 adders (D:2)
  3 dart slugs
  5 bats
  4 giant cockroaches
  6 goblins
  3 hobgoblins
  5 jackals
  A quokka (D:2)
  2 frilled lizards
  4 kobolds
  8 rats
46 creatures vanquished.

Notes
Turn   | Place    | Note
-------+----------+-------------------------------------------
     0 | D:1      | Vi the Minotaur Berserker began the quest for the Orb.
     0 | D:1      | Reached XP level 1. HP: 19/19 MP: 0/0
   151 | D:1      | Reached skill level 4 in Fighting
   154 | D:1      | Reached XP level 2. HP: 24/27 MP: 1/1
   205 | D:1      | Reached skill level 4 in Axes
   619 | D:1      | Reached XP level 3. HP: 33/33 MP: 2/2
   861 | D:2      | Reached ** piety under Trog
  1051 | D:2      | Reached skill level 5 in Axes
  1215 | D:2      | Noticed Terence
  1219 | D:2      | Killed Terence
  1219 | D:2      | Reached XP level 4. HP: 41/41 MP: 3/3
  1340 | D:2      | HP: 6/61 [gnoll/halberd (12)]
  1342 | D:2      | HP: 1/61 [gnoll/club (5)]
  1344 | D:2      | Slain by a gnoll

Vault maps used:
D:1:      dpeg_arrival_chase
D:2:      uniq_terence

Skill      XL: |  1  2  3 |
---------------+----------+-----
Fighting       | 4 |  4.9
Axes           | 4 5 |  5.7
Armour         | |  2.4
Dodging        | |  2.1

Action                   |  1- 3 |  4- 6 || total
-------------------------+-------+-------++-------
Melee: Hand axe          |    94 |    13 ||   107
       Headbutt          |    11 |     2 ||    13
Invok: Berserk           |     2 |     1 ||     3
  Eat: Chunk             |     2 |     2 ||     4
Armor: Animal skin       |    11 |     3 ||    14
Dodge: Dodged            |    70 |    13 ||    83

Vault maps used:
D:1:      dpeg_arrival_chase
D:2:      uniq_terence

Table legend:
 A = Turns spent in this place as a percentage of turns spent in the entire game.
 B = Non-inter-level travel turns spent in this place as a percentage of non-inter-level travel turns spent in the entire game.
 C = Inter-level travel turns spent in this place as a percentage of turns spent in this place.
 D = Turns resting spent in this place as a percentage of non-inter-level travel turns spent in this place.
 E = Turns spent auto-exploring this place as a percentage of non-inter-level travel turns spent in this place.
 F = Non-inter-level travel turns spent in this place divided by the number of levels of this place that you've seen.
                   A       B       C       D       E      F
               +-------+-------+-------+-------+-------+----------------------
         Total | 100.0 | 100.0 |   0.1 |   1.2 |   5.8 | 382.0
       Dungeon | 100.0 | 100.0 |   0.1 |   1.2 |   5.8 | 382.0
               +-------+-------+-------+-------+-------+----------------------

Table legend:
 A = Kills in this place as a percentage of kills in entire the game.
 B = Kills by you in this place as a percentage of kills by you in the entire game.
 C = Kills by friends in this place as a percentage of kills by friends in the entire game.
 D = Other kills in this place as a percentage of other kills in the entire game.
 E = Experience gained in this place as a percentage of experience gained in the entire game.
 F = Experience gained in this place divided by the number of levels of this place that you have seen.
                   A       B       C       D       E      F
               +-------+-------+-------+-------+-------+----------------------
         Total | 100.0 | 100.0 |  -nan |  -nan | 100.0 |  84.5
       Dungeon | 100.0 | 100.0 |  -nan |  -nan | 100.0 |  84.5
               +-------+-------+-------+-------+-------+----------------------
